Map: Usina Ácida LE

Players

Valcanux - Winner!

  • Race: Terran Terran
  • League: Silver
  • Spawn Location: 11:00

IagoAbreu

  • Race: Zerg Zerg
  • League: Gold
  • Spawn Location: 5:00

VOD

Have the link to the VOD?

Description

Time

  • Played on: May 5, 2018, 9:39 a.m.
  • Length: 10:44
Show
View Real Time Build Order
Export as new Build Order

Valcanux Terran - Winner!

Build Orders:  

Get SALT Encoding   

  12  0:02  SCV  
  13  0:15  Supply Depot  
  13  0:18  SCV  
  14  0:30  SCV  
  15  0:38  Barracks  
  15  0:42  Refinery  
  15  0:46  SCV  
  16  0:58  SCV  
  17  1:10  SCV  
  18  1:22  SCV  
  19  1:25  Barracks Tech Lab  
  19  1:29  Refinery  
  19  1:34  SCV  
  20  1:45  Marine  
  21  1:54  Factory  
  21  1:56  Orbital Command  
  21  2:03  Marine  
  22  2:21  Marine  
  23  2:34  Supply Depot  
  23  2:35  Supply Depot  
  23  2:38  Factory Tech Lab  
  23  2:55  Marine, SCV  
  23  2:56  Siege Tank  
  28  3:01  Starport  
  28  3:07  SCV  
  29  3:13  Marine  
  29  3:19  SCV  
  31  3:20  Command Center  
  31  3:31  Marine, SCV  
  27  3:44  SCV  
  27  3:47  Siege Tank  
  31  3:48  Marine  
  32  4:05  Starport Tech Lab  
  32  4:06  Marine  
  32  4:07  Supply Depot  
  31  4:24  Marine  
  32  4:31  Command Center  
  32  4:37  Supply Depot, Banshee  
  35  4:40  Siege Tank  
  35  4:42  Marine  
  38  5:00  Marine  
  39  5:12  Siege Tank, Barracks  
  42  5:17  Marine  
  43  5:35  Marine  
  44  5:44  Siege Tank  
  47  5:53  Marine  
  48  6:04  SCV  
  48  6:11  Marine  
  49  6:16  SCV  
  49  6:17  Barracks Reactor  
  51  6:19  Supply Depot  
  51  6:20  Medivac  
  53  6:29  SCV, Marine  
  55  6:34  Cloaking Field  
  55  6:41  SCV  
  55  6:46  Marine  
  56  6:50  Medivac  
  56  6:53  SCV  
  60  7:04  Marine  
  58  7:10  Marine  
  58  7:11  Marine, Supply Depot  
  60  7:20  Viking  
  60  7:22  Marine  
  63  7:28  Marine x2  
  65  7:40  Marine  
  66  7:46  Marine x2  
  66  7:48  Supply Depot  
  66  7:50  Viking  
  70  7:54  Siege Tank  
  75  7:58  Marauder  
  75  8:04  Marine x2  
  79  8:20  Marauder  
  79  8:22  Marine x2  
  81  8:39  Marine  
  81  8:40  Marine  
  85  8:41  Marauder  
  85  9:02  Supply Depot, Marauder, Banshee  
  90  9:07  Marine x2  
  94  9:24  Marauder  
  94  9:25  Marine x2  
  96  9:35  Orbital Command  
  96  9:43  Marine x2  
  96  9:45  Marauder  
  100  9:54  Banshee  
  97  10:00  Marine x2  
  97  10:07  Marauder  
  100  10:20  Supply Depot  
Show
View Real Time Build Order
Export as new Build Order

IagoAbreu Zerg 

Build Orders: Pool First 

Get SALT Encoding   

  12  0:03  Drone  
  13  0:08  Drone  
  14  0:18  Overlord  
  14  0:32  Extractor  
  14  0:34  Drone  
  14  0:42  Spawning Pool  
  13  0:43  Drone  
  13  0:48  Drone  
  15  0:52  Extractor  
  14  1:00  Drone  
  14  1:01  Drone  
  16  1:10  Drone  
  17  1:22  Evolution Chamber  
  17  1:23  Drone  
  17  1:33  Queen  
  17  1:38  Drone  
  20  1:44  Drone  
  21  1:52  Metabolic Boost  
  21  2:01  Zerg Melee Weapons Level 1  
  21  2:04  Drone  
  22  2:13  Overlord  
  22  2:39  Zergling x4  
  22  2:42  Zergling x2  
  25  2:45  Zergling x2  
  25  2:46  Zergling x4  
  28  3:02  Queen  
  28  3:04  Hatchery  
  29  3:11  Drone  
  30  3:13  Overlord  
  25  4:06  Zergling x6  
  27  4:33  Drone x2, Roach Warren  
  27  4:34  Drone x2  
  27  5:01  Hatchery  
  26  5:07  Zergling x8  
  26  5:08  Zergling x14  
  37  5:16  Zerg Missile Weapons Level 1  
  26  6:05  Queen  
  28  6:18  Roach x9  
  42  6:19  Roach x2  
  42  6:20  Overlord x2  
  50  6:40  Lair  
  45  7:15  Ravager  
  45  7:16  Ravager x6  
  45  7:17  Ravager x4  
  45  7:19  Roach  
  45  7:20  Roach x4  
  65  7:23  Overlord x2  
  65  7:31  Drone  
  66  7:45  Drone x3  
  69  8:48  Drone x2  
  69  8:49  Drone x3  
  69  8:52  Overlord  
  69  8:53  Overlord x5  
  74  9:00  Glial Reconstitution  
  74  9:23  Roach  
  74  9:24  Roach x5  
  86  9:39  Hydralisk Den  
  86  9:44  Drone x3  
  86  9:45  Drone x2  
  45  10:02  Zergling x10  
  45  10:03  Zergling x2  
  41  10:19  Zergling x12  
Tags
 
Add a new tag
Caveats
  • Supply blocks, unpowered buildings, or Contaminate may cause inaccurate times.
  • Supply counts are checked every 10 seconds.